Map: Mech Depot LE

Players

THOTH - Winner!

  • Race: Protoss Protoss
  • League: Gold
  • Spawn Location: 1:00

Winthrowe

  • Race: Zerg Zerg
  • League: Silver
  • Spawn Location: 7:00

VOD

Have the link to the VOD?

Description

Time

  • Played on: Aug. 18, 2017, 8:45 p.m.
  • Length: 15:47
Show
View Real Time Build Order
Export as new Build Order

THOTH Protoss - Winner!

Build Orders: 1 Gate Expand, Phoenix Opening 

Get SALT Encoding   

  12  0:03  Probe (Chrono Boost)  
  13  0:17  Pylon  
  13  0:18  Probe (Chrono Boost)  
  14  0:29  Probe (Chrono Boost)  
  15  0:40  Probe (Chrono Boost)  
  16  0:46  Gateway  
  16  0:49  Assimilator  
  16  0:51  Probe (Chrono Boost)  
  17  1:23  Probe (Chrono Boost)  
  17  1:24  Nexus  
  18  1:34  Assimilator  
  18  1:37  Pylon  
  18  1:42  Probe (Chrono Boost)  
  19  1:52  Probe  
  20  1:57  Zealot (Chrono Boost)  
  22  2:04  Probe  
  23  2:10  Cybernetics Core  
  23  2:16  Probe  
  23  2:18  Pylon  
  24  2:28  Probe  
  25  2:38  Forge  
  25  2:41  Pylon  
  25  2:47  Warp Gate  
  25  2:55  Probe  
  25  2:57  Stargate  
  26  3:03  Adept (Chrono Boost)  
  28  3:11  Protoss Ground Armor Level 1 (Chrono Boost)  
  28  3:20  Gateway  
  28  3:27  Mothership Core  
  28  3:28  Probe  
  31  3:39  Pylon  
  31  3:52  Phoenix  
  33  3:59  Photon Cannon  
  33  4:07  Photon Cannon  
  33  4:09  Pylon  
  33  4:14  Zealot (Chrono Boost)  
  35  4:24  Twilight Council  
  35  4:28  Pylon  
  35  4:36  Pylon  
  35  4:47  Phoenix  
  35  4:48  Probe  
  38  4:58  Probe  
  39  5:09  Probe  
  40  5:22  Zealot, Nexus  
  40  5:27  Zealot  
  44  5:32  Charge, Probe  
  45  5:42  Pylon  
  45  5:50  Pylon  
  45  5:52  Probe  
  46  5:59  Zealot  
  46  6:03  Probe  
  48  6:05  Zealot  
  51  6:13  Probe  
  51  6:15  Protoss Air Weapons Level 1  
  52  6:24  Probe  
  52  6:25  Pylon  
  53  6:27  Photon Cannon  
  53  6:32  Photon Cannon  
  53  6:38  Probe  
  53  6:46  Photon Cannon  
  54  6:49  Probe  
  55  6:59  Probe  
  56  7:10  Probe  
  55  7:27  Zealot  
  55  7:28  Zealot  
  53  7:31  Phoenix  
  51  7:41  Probe  
  52  7:48  Assimilator  
  52  7:51  Assimilator, Probe  
  52  7:52  Probe  
  52  7:53  Photon Cannon  
  52  7:55  Photon Cannon  
  52  7:56  Phoenix  
  56  7:58  Stargate  
  56  8:01  Pylon, Probe  
  56  8:02  Probe  
  58  8:12  Probe  
  58  8:13  Probe  
  58  8:18  Pylon  
  60  8:21  Phoenix  
  60  8:23  Probe x2  
  60  8:26  Protoss Ground Weapons Level 1 (Chrono Boost)  
  64  8:33  Probe  
  64  8:34  Probe  
  64  8:38  Robotics Facility  
  64  8:41  Pylon  
  66  8:46  Phoenix, Gateway  
  68  8:48  Gateway  
  68  8:50  Probe  
  68  8:52  Pylon  
  69  8:57  Assimilator, Pylon  
  69  8:59  Assimilator  
  69  9:01  Probe  
  70  9:11  Probe  
  71  9:22  Probe  
  71  9:24  Photon Cannon  
  72  9:32  Gateway  
  72  9:33  Gateway, Probe  
  72  9:35  Immortal  
  77  9:43  Probe  
  78  9:52  Photon Cannon, Pylon  
  78  9:54  Probe  
  78  9:56  Pylon  
  79  10:04  Probe  
  79  10:05  Stargate  
  80  10:07  Stargate  
  80  10:09  Stargate  
  80  10:13  Photon Cannon  
  80  10:15  Probe  
  80  10:16  Pylon, Probe  
  82  10:25  Zealot x2, Probe  
  82  10:27  Probe  
  88  10:36  Probe  
  88  10:37  Probe  
  90  10:48  Probe  
  91  10:58  Probe  
  92  11:07  Photon Cannon  
  92  11:14  Fleet Beacon  
  92  11:18  Stargate, Observer  
  93  11:23  Zealot  
  93  11:24  Zealot x4  
  93  11:25  Zealot  
  105  11:33  Pylon  
  105  11:36  Pylon  
  106  11:40  Observer  
  106  11:41  Photon Cannon, Pylon  
  106  11:44  Templar Archives  
  106  11:45  Pylon  
  106  11:54  Protoss Air Armor Level 1  
  106  11:57  Carrier  
  106  11:58  Carrier x3  
  130  12:01  Carrier  
  136  12:14  Photon Cannon  
  136  12:22  Photon Cannon  
  136  12:24  Nexus  
  136  12:29  Pylon  
  136  12:37  Pylon  
  136  12:44  Pylon  
  136  12:47  Pylon  
  136  12:49  Photon Cannon  
  136  12:52  Photon Cannon  
  136  12:55  Photon Cannon  
  136  13:04  Stalker x4  
  136  13:05  Stalker x2  
  108  13:27  Zealot x3  
  108  13:28  Zealot x3  
  120  13:45  Void Ray  
  120  13:46  Void Ray x2  
  124  14:05  Void Ray  
  124  14:06  Void Ray x2  
  136  14:18  Assimilator  
  136  14:45  Assimilator  
  136  14:48  Photon Cannon  
  136  14:50  Photon Cannon  
  136  14:56  Tempest  
  136  14:57  Tempest  
  136  14:59  Probe  
  149  15:09  Photon Cannon  
  149  15:10  Probe  
  150  15:18  Pylon  
Show
View Real Time Build Order
Export as new Build Order

Winthrowe Zerg 

Build Orders: Pool First, Swarm Host 

Get SALT Encoding   

  12  0:02  Drone  
  13  0:12  Overlord  
  13  0:24  Extractor  
  13  0:25  Drone  
  13  0:27  Drone  
  14  0:31  Drone  
  15  0:47  Drone  
  16  0:53  Drone  
  17  1:03  Drone  
  18  1:05  Spawning Pool  
  18  1:10  Overlord  
  17  1:20  Drone  
  18  1:31  Overlord  
  18  1:52  Queen  
  20  1:55  Drone x2  
  22  2:05  Extractor  
  22  2:08  Drone  
  22  2:29  Drone x2  
  24  2:34  Hatchery  
  23  2:43  Drone  
  24  3:06  Lair  
  24  3:09  Evolution Chamber  
  24  3:10  Evolution Chamber  
  22  3:33  Drone  
  22  3:34  Drone x5  
  28  3:54  Extractor  
  27  3:57  Extractor  
  27  4:01  Drone x4  
  30  4:11  Roach Warren  
  30  4:12  Zerg Ground Armor Level 1  
  30  4:14  Zerg Missile Weapons Level 1  
  29  4:28  Zergling x8  
  33  4:32  Overlord x2  
  33  4:36  Metabolic Boost  
  33  4:46  Infestation Pit  
  33  4:51  Roach  
  33  4:52  Roach x2  
  38  4:54  Glial Reconstitution  
  38  5:06  Queen  
  40  5:10  Roach x3  
  46  5:26  Hive  
  46  5:33  Roach x3  
  46  5:34  Roach  
  54  5:58  Drone x6  
  60  6:13  Tunneling Claws  
  60  6:16  Overlord x3  
  60  6:17  Overlord  
  58  6:40  Roach  
  58  6:41  Roach x3  
  56  7:29  Roach x5  
  66  7:30  Roach x6  
  66  7:31  Roach  
  70  7:43  Spire  
  67  7:47  Drone x2  
  69  7:52  Queen x2  
  73  8:43  Roach  
  73  8:44  Roach x8  
  91  8:49  Hatchery  
  91  8:52  Zerg Ground Armor Level 2  
  90  9:00  Overlord  
  90  9:04  Overlord  
  90  9:10  Mutalisk  
  92  9:21  Mutalisk  
  92  9:22  Mutalisk  
  96  10:10  Hatchery  
  96  10:11  Corruptor  
  97  10:40  Drone  
  97  10:41  Drone x5  
  103  11:06  Corruptor x2  
  103  11:07  Corruptor x2  
  103  11:08  Corruptor  
  113  11:14  Overlord  
  113  11:15  Overlord  
  113  11:25  Zerg Missile Weapons Level 2  
  113  11:33  Zerg Ground Armor Level 3  
  113  11:55  Drone x9  
  113  12:00  Overlord  
  122  12:02  Overlord  
  122  12:31  Swarm Host x6  
  122  12:32  Swarm Host x3  
  127  13:13  Mutalisk x3  
  127  13:14  Mutalisk x6  
  127  13:15  Mutalisk x2  
  127  13:17  Mutalisk  
  105  13:41  Zerg Melee Weapons Level 1  
  87  14:00  Roach  
  87  14:01  Roach x11  
  78  14:30  Corruptor x3  
  78  14:31  Corruptor  
  84  14:35  Zergling x4  
  84  14:36  Zergling x4  
  90  15:02  Zergling x2  
  90  15:03  Zergling x22  
  90  15:07  Queen  
Tags
 
Add a new tag
Caveats
  • Supply blocks, unpowered buildings, or Contaminate may cause inaccurate times.
  • Supply counts are checked every 10 seconds.